 Dungeon Crawl Stone Soup version 0.27.0-1-g7a089689b8 (webtiles) character file.

Game seed: 17578473223597184308

24 foogus the Chopper (level 2, -1/27 HPs)
             Began as a Minotaur Berserker on July 31, 2021.
             Was a Follower of Trog.
             Slain by an orc (9 damage)
             ... on level 2 of the Dungeon.
             The game lasted 00:05:36 (1303 turns).

foogus the Chopper (Minotaur Berserker)             Turns: 1303, Time: 00:05:36

Health: -1/27      AC:  2    Str: 21    XL:     2   Next: 79%
Magic:  1/1        EV: 12    Int:  4    God:    Trog [*.....]
Gold:   18         SH:  0    Dex:  9    Spells: 1/1 levels left

rFire    . . .     SeeInvis .   a - +0 hand axe
rCold    . . .     Faith    .   (no shield)
rNeg     . . .     Spirit   .   b - +0 animal skin
rPois    .         Reflect  .   (helmet restricted)
rElec    .         Harm     .   (no cloak)
rCorr    .         Rampage  .   (no gloves)
Will     .....                  (no boots)
Stlth    +.........             (no amulet)
HPRegen  0.09/turn              (no ring)
MPRegen  0.07/turn              (no ring)

@: no status effects
A: horns 2, retaliatory headbutt
a: Renounce Religion, Berserk


You were on level 2 of the Dungeon.
You worshipped Trog.
Trog was aware of your devotion.
You visited 1 branch of the dungeon, and saw 2 of its levels.

You collected 18 gold pieces.

Inventory:

Hand Weapons
 a - a +0 hand axe (weapon)
Missiles
 e - 43 sling bullets
Armour
 b - a +0 animal skin (worn)
Scrolls
 c - a scroll of vulnerability {unknown}
 d - a scroll of immolation {unknown}
 g - 2 scrolls of magic mapping {unknown}
 i - a scroll of fog {unknown}
Potions
 f - a potion of heal wounds {unknown}
 h - a potion of attraction {unknown}


   Skills:
 + Level 4.1 Fighting
 + Level 4.2 Axes
 + Level 2.6 Armour
 + Level 2.5 Dodging


You had one spell level left.
You didn't know any spells.
Your spell library was empty.

Dungeon Overview and Level Annotations

Branches:
Dungeon (2/15)

Altars:


Innate Abilities, Weirdness & Mutations

You have a pair of horns on your head.
You reflexively headbutt those who attack you in melee.


Message History

You are frozen.
The bat hits you.
You closely miss the ball python. You barely miss the bat.
You hit the endoplasm but do no damage. The bat hits you but does no damage.
The ball python closely misses you. The ball python misses you.
The endoplasm hits you. The ball python bites you. The ball python grabs you.
The ball python constricts you.
You slash the ball python!
You kill the ball python!
Trog accepts your kill.
You closely miss the bat. You barely miss the endoplasm.
The bat hits you but does no damage.
An orc comes into view. It is wielding a +0 war axe.
The endoplasm hits you. The bat hits you but does no damage.
The orc hits you from afar with a +0 trident!
The bat barely misses you. You furiously retaliate!
You headbutt the bat!
You kill the bat!
Trog accepts your kill.
You hit the endoplasm.
You kill the endoplasm!
Trog accepts your kill.
An orc wizard is nearby!
The orc wizard casts a spell.
The orc wizard flickers and vanishes!
Deactivating autopickup; reactivate with Ctrl-A.
You hit the endoplasm.
You kill the endoplasm!
Trog accepts your kill.
The orc hits you from afar with a +0 trident!
* * * LOW HITPOINT WARNING * * *
The orc hits you but does no damage. The orc hits you but does no damage.
You hit the orc.
The orc is moderately wounded.
You hear some strange, mumbled words.
A puff of flame appears from out of thin air!
The puff of flame misses you.
The orc hits you from afar with a +0 trident!
You die...

#.# #.# #.# #.#
#.# #.# #.###.#
#...#.# #.....#
#...###
#######..##
####..o{@...#
#.....o######
#...†..#
##...†## ≈
P≈≈#.....o#≈≈≈≈
≈≈≈.......o≈≈o≈
≈≈≈#......#≈≈≈≈
≈.###....###o≈≈
≈≈ #.....? ≈≈≈


You could see 2 orcs.

Vanquished Creatures
  A dart slug (D:1)
  3 endoplasms
  A giant cockroach (D:1)
  3 goblins (D:1)
  A hobgoblin (D:1)
  4 kobolds
  2 ball pythons (D:2)
  A bat (D:2)
  3 frilled lizards (D:1)
  3 rats
22 creatures vanquished.

Vanquished Creatures (others)
  5 plants (D:2)
5 creatures vanquished.

Grand Total: 27 creatures vanquished

Notes
Turn   | Place    | Note
-------+----------+-------------------------------------------
     0 | D:1      | foogus the Minotaur Berserker began the quest for the Orb.
     0 | D:1      | Reached XP level 1. HP: 19/19 MP: 0/0
    88 | D:1      | Reached XP level 2. HP: 19/27 MP: 1/1
   524 | D:1      | Found a faded altar of an unknown god.
  1303 | D:2      | Slain by an orc

Illustrated notes

Levels and vault maps discovered:
D:1:      dpeg_arrival_tiny_d, layout_loops_ring,
          shapermc_ecumenical_altar_rom_forum, nrook_uturn,
          chequers_serial_rivers_small_a
D:2:      wad_lake_hut, layout_loops_ring, serial_shops, nicolae_shop_trees,
          serial_bayou_lake_a

Skill      XL: |  1  2 |
---------------+-------+-----
Fighting       | 4 |  4.1
Axes           | 4 |  4.2
Armour         | |  2.6
Dodging        | |  2.5

Action                   || total
-------------------------++-------
Melee: Hand axe          ||    53
       Headbutt          ||     4
Armor: Animal skin       ||    12
Dodge: Dodged            ||    23
